AoeStats
← cobanizer

Black Forest

510230019Analyzed
4v4 RM · 2d ago on Sep 30, 2026· 10m 48s· 8 players
Game mode
Random Map
Map size
Large (8 player)
Population
200
Speed
Normal
Resources
Standard
Victory
Conquest
Starting age
Dark Age
Ending age
Imperial Age
RankedLock teamsTeams togetherTeam positionsShared explorationLock speedFull tech treeHidden civsTurbo modeCheats
Victory
Defeat
🇺🇿 Bohemians · Uzbekistan
1164
+15
🇰🇷 Persians · South Korea
1092
+18
🇭🇰 Teutons · Hong Kong SAR China
1088
+18
🇺🇸 Britons · United States
1078
+18
🇨🇳 Goths · China
1161
-18
🇩🇪 Japanese · Germany
1146
-18
🇨🇱 Huns · Chile
1122
-17
🇺🇸 Georgians · United States
1103
-16
TheroZeuS Biri Biri
2:40 Loom
Carleo_Intestin
1:23 Loom
cobanizer
飞鱼
0:37 Loom
Plinth
2:04 Loom
11:33 Feudal Age
KUBEPTYPMA
11:08 Feudal Age
Sophie_J
8:22 Loom
11:11 Feudal Age
Teutons_CF
0:55 Loom
Connection lost

Rejoining the realm…

Still unreachable

The connection could not be restored.

Session expired

The server has moved on; the page needs a fresh start.